 Dungeon Crawl Stone Soup version 0.19.0-18-g426998a (console) character file.

1241 2d6 the Bolt Thrower (level 8, -4/50 HPs)
             Began as a Kobold Hunter on Nov 11, 2016.
             Was a Believer of Fedhas.
             Slain by a wraith (6 damage)
             ... in an ossuary.
             The game lasted 00:33:04 (4465 turns).

2d6 the Bolt Thrower (Kobold Hunter)                Turns: 4465, Time: 00:33:06

Health: -4/50      AC:  5    Str: 11    XL:     8   Next: 78%
Magic:  10/11      EV: 18    Int: 12    God:    Fedhas [**....]
Gold:   293        SH:  0    Dex: 16    Spells: 0 memorised, 7 levels left

rFire  . . .     SeeInvis .     b - +0 short sword
rCold  . . .     Gourm    .     c - +0 leather armour
rNeg   . . .     Faith    .     (shield restricted)
rPois  .         Spirit   .     v - +0 helmet
rElec  .         Reflect  .     u - +0 cloak
rCorr  .         Harm     .     (no gloves)
MR     .....                    (no boots)
Stlth  ++........               l - amulet of regeneration
                                (no ring)
                                (no ring)

@: slowed, very slow
A: carnivore 3
a: Fungal Bloom, Evolution, Sunlight, Renounce Religion


You were in an ossuary.
You worshipped Fedhas.
Fedhas was pleased with you.
You were very full.

You visited 1 branch of the dungeon, and saw 5 of its levels.
You also visited: Sewer and Ossuary.

You collected 293 gold pieces.

Inventory:

Hand Weapons
 a - a +1 hand crossbow
 b - a +0 short sword (weapon)
 x - a +0 blowgun
 A - a +0 antimagic mace
 B - a +2 trident of protection
Missiles
 d - 7 bolts
 j - 162 stones (quivered)
 s - 28 poisoned needles
 w - 7 needles of frenzy
 y - 17 sling bullets
Armour
 c - a +0 leather armour (worn)
 u - a +0 cloak (worn)
 v - a +0 helmet (worn)
 z - a +0 hat
Jewellery
 l - an amulet of regeneration (around neck)
Scrolls
 e - a scroll of remove curse
 g - 3 scrolls of identify
 h - a scroll of recharging
 m - a scroll of blinking {unknown}
 o - 3 scrolls of magic mapping
 p - a scroll of noise
 q - 2 scrolls of amnesia {unknown}
 t - 2 scrolls of enchant weapon {unknown}
 C - a scroll of fog {unknown}
Potions
 i - a potion of curing
 n - 2 potions of lignification {unknown}
 r - 3 potions of flight {unknown}
Comestibles
 f - 2 meat rations
 k - a beef jerky


   Skills:
 + Level 5.4 Fighting
 - Level 3.5 Short Blades
 + Level 7.2 Crossbows
 + Level 6.2 Dodging
 + Level 3.3 Stealth
 + Level 4.5 Invocations


You had 7 spell levels left.
You didn't know any spells.

Dungeon Overview and Level Annotations

Branches:
Dungeon (5/15)
 Temple: D:4-7

Altars:
Fedhas
Nemelex Xobeh
Okawaru
Ru
Sif Muna

Annotations:
D:5 2 runed doors


Innate Abilities, Weirdness & Mutations

You are small and have problems with some larger weapons.
You are carnivorous and can eat meat at any time.


Message History

The wraith misses you.
You hit the wraith but do no damage.
The wraith is heavily damaged.
The wraith hits you.
* * * LOW HITPOINT WARNING * * *
You feel better. The wraith barely misses you. x2
You completely miss the wraith.
The wraith is heavily damaged.
The wraith barely misses you.
You hit the wraith.
The wraith is severely damaged.
The wraith hits you.
* * * LOW HITPOINT WARNING * * *
You hit the wraith but do no damage.
The wraith is severely damaged.
The wraith hits you!
* * * LOW HITPOINT WARNING * * *
The wraith hits you.
You die...
Fedhas appreciates your contribution to the ecosystem.

..................
..###..###..###..#
..#.#..# #..# #..#
..#'#..#+#..#+#..#+# .
..#.#..#.#..#^#..#.#..
......................
......................
#......###......####..#
...8...#.#...8..@W!#..#
#......#'#......####..#
.......#.#.....^......#
......................#
#.####.....####.####..#
..#.'...8...'.#..'.#..#
#.####.....####.####..#
......................#
.......#.#..^.........#


You could see a wraith.

Vanquished Creatures
  A soldier ant (D:5)
  3 water moccasins (D:5)
  An ogre (D:4)
  A big kobold (Sewer)
  A bullfrog (D:3)
  An elf zombie (Ossuary)
  A crimson imp (D:5)
  A jelly (D:5)
  2 orc priests (D:4)
  2 orc wizards (D:4)
  A worker ant (D:4)
  Natasha (twice) (D:4)
  A big kobold zombie (Ossuary)
  2 mummies (Ossuary)
  8 adders
  A gnoll (D:3)
  A river rat (Sewer)
  2 oozes
  A worm (D:4)
  3 dart slugs
  6 leopard geckos
  14 orcs
  5 bats
  3 giant cockroaches
  A gnoll zombie (Ossuary)
  6 goblins
  8 hobgoblins
  9 jackals
  3 quokkas (D:4)
  7 frilled lizards
  2 goblin zombies (Ossuary)
  6 hobgoblin zombies (Ossuary)
  A jackal skeleton (D:4)
  13 kobolds
  4 kobold zombies (Ossuary)
  7 rats
131 creatures vanquished.

Vanquished Creatures (others)
  52 toadstools
52 creatures vanquished.

Grand Total: 183 creatures vanquished

Notes
Turn   | Place    | Note
-------+----------+-------------------------------------------
     0 | D:1      | 2d6 the Kobold Hunter began the quest for the Orb.
     0 | D:1      | Reached XP level 1. HP: 12/12 MP: 1/1
    87 | D:1      | Reached XP level 2. HP: 18/18 MP: 2/2
   214 | D:1      | Reached skill level 5 in Crossbows
   377 | D:1      | Reached XP level 3. HP: 22/22 MP: 3/3
   765 | D:2      | Reached XP level 4. HP: 27/27 MP: 4/4
  1303 | D:2      | Noticed Ijyb
  1422 | D:2      | Found a deep blue altar of Sif Muna.
  1533 | D:2      | Found a blossoming altar of Fedhas.
  1827 | D:2      | Became a worshipper of Fedhas Madash
  1948 | D:3      | Found a sacrificial altar of Ru.
  2351 | D:3      | Reached XP level 5. HP: 27/32 MP: 5/5
  2444 | D:3      | Noticed a bullfrog
  2448 | D:3      | Killed a bullfrog
  2448 | D:3      | Reached skill level 1 in Invocations
  2478 | D:3      | Found a sparkling altar of Nemelex Xobeh.
  2557 | D:3      | Found an iron altar of Okawaru.
  2571 | D:3      | Reached XP level 6. HP: 34/37 MP: 7/7
  2685 | D:4      | Reached * piety under Fedhas
  2706 | D:4      | Noticed an ogre
  2748 | D:4      | Killed an ogre
  2748 | D:4      | Reached skill level 6 in Crossbows
  2774 | D:4      | Reached XP level 7. HP: 43/43 MP: 7/9
  2910 | D:4      | Reached skill level 5 in Dodging
  2958 | D:4      | Found a glowing drain.
  2966 | Sewer    | Entered a sewer
  2982 | Sewer    | Reached ** piety under Fedhas
  3062 | Sewer    | Reached skill level 1 in Short Blades
  3135 | Sewer    | Found a white marble altar of Elyvilon.
  3396 | D:4      | Noticed Natasha
  3400 | D:4      | Killed Natasha
  3559 | D:4      | Noticed Natasha
  3568 | D:4      | Killed Natasha
  3781 | D:5      | Entered Level 5 of the Dungeon
  3865 | D:5      | Found a runed gate.
  3865 | D:5      | Noticed a water moccasin
  3865 | D:5      | Noticed a water moccasin
  3865 | D:5      | Noticed a water moccasin
  3865 | D:5      | Noticed a water moccasin
  3866 | D:5      | Found a runed door.
  3876 | D:5      | Found a runed gate.
  3876 | D:5      | Found a runed gate.
  3881 | D:5      | Found a runed door.
  3881 | D:5      | Noticed a soldier ant
  3881 | D:5      | Noticed a soldier ant
  3881 | D:5      | Noticed a soldier ant
  3881 | D:5      | Noticed a soldier ant
  3881 | D:5      | Noticed a soldier ant
  3931 | D:5      | Killed a water moccasin
  3931 | D:5      | Reached XP level 8. HP: 10/48 MP: 10/10
  3949 | D:5      | Reached skill level 5 in Fighting
  4008 | D:5      | Reached skill level 7 in Crossbows
  4078 | D:5      | Found a sand-covered staircase.
  4084 | Ossuary  | Entered an ossuary
  4084 | Ossuary  | Noticed a wraith
  4084 | Ossuary  | Noticed a wraith
  4084 | Ossuary  | Noticed a wraith
  4433 | Ossuary  | Noticed a wraith
  4465 | Ossuary  | HP: 2/50 [wraith (11)]
  4465 | Ossuary  | Slain by a wraith

Skill      XL: |  1  2  3  4  5  6  7  8 |
---------------+-------------------------+-----
Crossbows      | 5 6 7 |  7.2
Stealth        | 2 3 |  3.3
Dodging        | 3 4 5 6 |  6.2
Fighting       | 3 4 5 |  5.4
Invocations    | 1 2 3 4 |  4.5
Short Blades   | 2 3 |  3.5

Action                   |  1- 3 |  4- 6 |  7- 9 || total
-------------------------+-------+-------+-------++-------
Melee: Short sword       |    11 |       |   273 ||   284
 Fire: Hand crossbow     |    57 |   137 |    71 ||   265
Throw: Stone             |    18 |       |       ||    18
Invok: Fungal Bloom      |       |    10 |     8 ||    18
       Sunlight          |       |       |     6 ||     6
  Use: Potion            |     1 |       |     9 ||    10
       Scroll            |       |       |     8 ||     8
 Stab: Sleeping          |       |       |     6 ||     6
  Eat: Chunk             |     8 |     6 |     5 ||    19
Armor: Leather armour    |     6 |    12 |    54 ||    72
Dodge: Dodged            |    27 |    62 |   311 ||   400
